 Dungeon Crawl Stone Soup version 0.31-a0-325-g067879e3d3 (webtiles) character file.

Game seed: 5383895328758756423

99 HallandMoats the Trooper (level 4, 0/29 HPs)
             Began as a Gargoyle Fighter on July 18, 2023.
             Slain by a cerulean imp
             ... wielding a +2 spear
             ... summoned by Natasha
              (3 damage)
             ... on level 1 of the Dungeon.
             The game lasted 00:02:47 (966 turns).

HallandMoats the Trooper (Gargoyle Fighter)          Turns: 966, Time: 00:02:48

Health: 0/29       AC: 10    Str: 18 (19) XL:     4   Next: 72%
Magic:  4/4        EV:  9    Int:  7 (9)  God:
Gold:   82         SH:  4    Dex: 10 (11) Spells: 3/3 levels left

rFire   . . .        a - +0 flail
rCold   . . .        c - +0 buckler
rNeg    + . .        b - +0 scale mail
rPois   ∞            (no helmet)
rElec   +            (no cloak)
rCorr   .            (no gloves)
SInv    .            (no boots)
Will    .....        (no amulet) Stlth
                     (no ring)
HPRegen 0.24/turn    (no ring)
MPRegen 0.09/turn

%: no passive effects
@: attractive, slowed, very slow
A: sickness immunity, AC +3, negative energy resistance 1, electricity
resistance, torment resistance 1, petrification resistance
a: no special abilities


You were on level 1 of the Dungeon.
You visited 1 branch of the dungeon, and saw 3 of its levels.

You collected 82 gold pieces.

Inventory:

Hand Weapons
 a - a +0 flail (weapon)
Armour
 b - a +0 scale mail (worn)
 c - a +0 buckler (worn)
Jewellery
 g - an amulet of magic regeneration
Scrolls
 e - a scroll of noise
 f - a scroll of blinking {unknown}
 h - a scroll of teleportation {unknown}
 j - a scroll of summoning {unknown}
Potions
 k - a potion of degeneration


   Skills:
 * Level 4.3 Fighting
 * Level 3.1 Maces & Flails
 + Level 3.8 Armour
 + Level 3.8 Shields


You had 3 spell levels left.
You didn't know any spells.
Your spell library contained the following spells:

 Spells                   Type           Power      Damage    Failure   Level
 Wereblood                Tmut           0%         N/A       95%         2
 Summon Hydra             Summ           0%         N/A       100%        7
 Sublimation of Blood     Necr           Unusable   N/A       N/A         2

Dungeon Overview and Level Annotations

Branches:
Dungeon (3/15)

Altars:
Vehumet

Annotations:
D:1 Natasha
D:2 Sigmund


Innate Abilities, Weirdness & Mutations

You are immune to sickness and miasma.
Your stone body is resilient. (AC +3)
You are immune to poison.
You resist negative energy. (rN+)
You are resistant to electric shocks. (rElec)
You are resistant to unholy torment.
You are immune to petrification.


Message History

You feel attractive to monsters. Natasha barely misses you.
You block the cerulean imp's attack. Natasha claws you but does no damage.
The cerulean imp hits you but does no damage.
You hit Natasha.
Natasha is moderately wounded.
Natasha closely misses you.
The cerulean imp hits you with a +2 spear.
* * * LOW HITPOINT WARNING * * *
Natasha claws you but does no damage.
You closely miss Natasha.
Natasha is moderately wounded.
The cerulean imp hits you but does no damage.
You block Natasha's attack.
The cerulean imp hits you but does no damage.
Natasha claws you but does no damage.
You barely miss Natasha.
Natasha is moderately wounded.
The cerulean imp completely misses you.
Natasha casts a spell.
The cerulean imp barely misses you.
You hit Natasha.
Natasha is moderately wounded.
Natasha casts a spell.
The cerulean imp hits you with a +2 spear.
* * * LOW HITPOINT WARNING * * *
The cerulean imp barely misses you. You block Natasha's attack.
The cerulean imp closely misses you. x2
You hit Natasha.
Natasha is severely wounded.
You block Natasha's attack. The cerulean imp closely misses you.
The cerulean imp barely misses you. Natasha claws you but does no damage.
The cerulean imp hits you but does no damage.
The cerulean imp hits you from afar with a +0 spear.
* * * LOW HITPOINT WARNING * * *
You closely miss Natasha.
Natasha is severely wounded.
You block the cerulean imp's attack. Natasha claws you but does no damage.
The cerulean imp hits you with a +2 spear.
You die...

#.....# #.# #.#.# #.#####
#.#####'#.# ###.# #.##......#
#...# #.##......# #.####
#.##......# #....#
#.##......# #.##.#
#.#####.#..
...###.##.########.#####.#..
#.......†..#@55..............
#.###...####h##########.###..
#....?. 5r. #...... #.#.###
..... #.##... #.#. .......
####..# . #. #..^..... ......
# #. #......... ##.####
#......(... #. # #


You could see Natasha, 3 cerulean imps and a rat.

Vanquished Creatures
  Terence (D:1)
  Natasha (D:2)
  A gnoll (D:2)
  4 worms (D:2)
  A dart slug (D:2)
  2 bats
  3 endoplasms
  2 giant cockroaches (D:2)
  4 kobolds
  3 quokkas (D:2)
  4 ball pythons (D:2)
  A frilled lizard (D:2)
  A rat (D:1)
28 creatures vanquished.

Notes
Turn   | Place    | Note
-------+----------+-------------------------------------------
     0 | D:1      | HallandMoats the Gargoyle Fighter began the quest for the
                  | Orb.
     0 | D:1      | Reached XP level 1. HP: 14/14 MP: 1/1
   130 | D:1      | Reached XP level 2. HP: 15/19 MP: 2/2
   243 | D:1      | You fall into a shaft and drop 1 floor!
   421 | D:2      | Reached XP level 3. HP: 24/24 MP: 3/3
   427 | D:2      | Noticed Natasha
   427 | D:2      | Noticed Terence
   427 | D:2      | Noticed Sigmund
   449 | D:2      | Killed Natasha
   450 | D:2      | Reached skill level 4 in Fighting
   586 | D:1      | Killed Terence
   587 | D:1      | Reached XP level 4. HP: 25/29 MP: 4/4
   646 | D:2      | Found a faded altar of an unknown god.
   914 | D:2      | Noticed Natasha
   918 | D:2      | Found a radiant altar of Vehumet.
   966 | D:1      | Slain by a cerulean imp

Illustrated notes

Levels and vault maps discovered:
D:1:      enne_arrival_octagon_isle, layout_basic
D:2:      wad_woods_stonehenge, layout_basic,
          ebering_ecumenical_altar_sacrificial, serial_park_tiny_1,
          uniq_sigmund, uniq_natasha, uniq_crazy_yiuf_cottage, uniq_terence
D:3:      layout_basic, nicolae_overflow_hidden_temple, serial_shops,
          nicolae_shop_peninsula, hangedman_feature_mirror,
          kennysheep_generic_room_2, uniq_grinder, uniq_robin

Skill      XL: |  1  2  3 |
---------------+----------+-----
Fighting       | 4 |  4.3
Maces & Flails | 3 |  3.1
Armour         | |  3.8
Shields        | |  3.8

Action                     |  1- 3 |  4- 6 || total
---------------------------+-------+-------++-------
  Melee: Flail             |    79 |    31 ||   110
    Use: Potion            |     1 |     4 ||     5
         Scroll            |       |     1 ||     1
 Armour: Scale mail        |    73 |    37 ||   110
  Dodge: Dodged            |    49 |    36 ||    85
  Block: Buckler           |    26 |    13 ||    39

Table legend: (Time is in decaauts)
 A = Elapsed time spent in this place.
 B = Non-inter-level travel time spent in this place.
 C = Inter-level travel time spent in this place.
 D = Time resting spent in this place.
 E = Time spent auto-exploring this place.
 F = Levels seen in this place.
 G = Mean time per level.
                   A        B        C        D        E       F      G
               +--------+--------+--------+--------+--------+-----+--------+
         Total |   1012 |   1012 |      0 |     97 |    495 |   3 |  337.3 |
       Dungeon |   1012 |   1012 |      0 |     97 |    495 |   3 |  337.3 |
               +--------+--------+--------+--------+--------+-----+--------+

Top non-repeatable levels by time:
     D:2: 647 daAuts
     D:1: 293 daAuts
     D:3: 71 daAuts
